 Dungeon Crawl Stone Soup version 0.29-a0-322-g68df515428 (webtiles) character file.

Game seed: 3157945995965358319

635 calli0pe the Cudgeller (level 7, -14/54 HPs)
             Began as a Human Berserker on Apr 7, 2022.
             Was a Believer of Trog.
             Demolished by an ogre
             ... wielding a +0 giant spiked club
              (22 damage)
             ... on level 4 of the Dungeon.
             The game lasted 00:17:25 (3120 turns).

calli0pe the Cudgeller (Human Berserker)            Turns: 3120, Time: 00:17:25

Health: -14/54     AC:  9    Str: 20    XL:     7   Next: 79%
Magic:  7/7        EV: 12    Int:  7    God:    Trog [**....]
Gold:   109        SH:  5    Dex: 12    Spells: 6/6 levels left

rFire   . . .      SeeInvis .   v - +1 mace (protect)
rCold   . . .      Faith    .   (no shield)
rNeg    . . .      Spirit   .   f - +0 ring mail
rPois   .          Reflect  +   w - +0 helmet
rElec   .          Harm     .   (no cloak)
rCorr   .          Rampage  .   X - +0 pair of gloves
Will    .....                   M - +0 pair of boots
Stlth   +.........              z - amulet of reflection
HPRegen 0.18/turn               (no ring)
MPRegen 0.10/turn               (no ring)

@: no status effects
A: no striking features
a: Renounce Religion, Berserk, Trog's Hand


You were on level 4 of the Dungeon.
You worshipped Trog.
Trog was pleased with you.
You visited 1 branch of the dungeon, and saw 4 of its levels.

You collected 109 gold pieces.

Inventory:

Hand Weapons
 a - a +0 falchion
 b - a +1 mace of holy wrath
 g - a +0 short sword
 p - a +0 whip
 q - a +0 spear
 r - a +0 dagger
 s - a +0 short sword
 v - a +1 mace of protection (weapon)
 B - a +0 dagger
 E - a +0 spear
 F - a +0 dagger
 H - a +0 short sword
 I - a +0 dagger
 L - a +0 dagger
 N - a +0 spear
 O - a +0 short sword
 R - a +0 hunting sling
 T - a +0 short sword
 U - a +0 mace
 V - a +0 dagger
 W - a +0 whip of venom
Missiles
 l - 64 stones (quivered)
 y - 7 boomerangs
Armour
 f - a +0 ring mail (worn)
 w - a +0 helmet (worn)
 M - a +0 pair of boots (worn)
 X - a +0 pair of gloves (worn)
Jewellery
 z - an amulet of reflection (around neck)
Scrolls
 d - 3 scrolls of identify {unknown}
 e - a scroll of magic mapping {unknown}
 h - 2 scrolls of teleportation {unknown}
 m - a scroll of brand weapon {unknown}
 G - a scroll of vulnerability {unknown}
 K - a scroll of enchant weapon {unknown}
 Q - a scroll of noise {unknown}
Potions
 i - a potion of might {unknown}
 n - 2 potions of magic {unknown}
 o - 3 potions of brilliance {unknown}
 t - a potion of lignification {unknown}
 C - 2 potions of attraction {unknown}
 D - a potion of ambrosia {unknown}
 P - 2 potions of degeneration {unknown}
 S - a potion of haste {unknown}


   Skills:
 + Level 4.3 Fighting
 + Level 4.1 Long Blades
 + Level 4.3 Maces & Flails
 + Level 3.6 Armour
 + Level 3.5 Dodging
 + Level 0.3 Stealth
 + Level 1.3 Shields


You had 6 spell levels left.
You didn't know any spells.
Your spell library was empty.

Dungeon Overview and Level Annotations

Branches:
Dungeon (4/15)
 Temple: D:4-7

Altars:
Ashenzari
Gozag
Hepliaklqana
Kikubaaqudgha
Okawaru
Wu Jian
Xom
Zin


Message History

Your weapon exudes an aura of protection.
The ogre is lightly wounded.
You block the ogre's attack.
You hit the ogre.
The ogre is lightly wounded.
An ogre comes into view. It is wielding a +0 giant spiked club.
The ogre barely misses you.
The ogre shouts!
You thump the ogre! Your punch misses the ogre.
The ogre is heavily wounded.
You hit the ogre.
The ogre is severely wounded.
The ogre hits you but does no damage.
You hit the ogre.
The ogre is almost dead.
You block the ogre's attack.
You hit the ogre.
The ogre is almost dead.
The ogre barely misses you.
You closely miss the ogre.
The ogre is almost dead.
The ogre hits you with a +0 giant spiked club!
You hit the ogre.
You kill the ogre!
Trog accepts your kill.
The ogre hits you with a +0 giant spiked club!!
* * * LOW HITPOINT WARNING * * *
The ogre closely misses you.
Things that are here:
a +0 giant spiked club; an ogre corpse
Found a scroll labelled ZIUMNA USCHEFEWN.
Found an opulent altar of Gozag.
The ogre hits you with a +0 giant spiked club.
* * * LOW HITPOINT WARNING * * *
The ogre barely misses you. The ogre attacks as you move away!
The ogre closely misses you. The ogre attacks as you move away!
The ogre misses you.
There is a stone staircase leading down here.
The ogre hits you with a +0 giant spiked club!!
You die...

#### #####... #.......
########## #.......
#........# #.......
#........# #.......
#......?.###......≈
#.@....._##....≈≈≈≈
#..O.....##..≈≈≈≈≈≈
#...>......)≈≈≈≈≈≈≈
#...........≈≈≈≈≈≈≈
....###.####....≈≈≈≈≈≈
..... ### ##.......≈≈
.....# #........≈
....# #........≈ ####
..........


You could see an ogre.

Vanquished Creatures
  Grinder (D:3)
  A black bear (D:4)
  An ogre (D:4)
  2 scorpions
  A jelly (D:4)
  Jessica (D:3)
  2 adders (D:2)
  An ufetubus (D:4)
  A worm (D:2)
  2 dart slugs
  4 orcs (D:3)
  8 endoplasms
  A giant cockroach (D:1)
  4 goblins (D:2)
  3 hobgoblins
  3 jackals (D:2)
  4 quokkas (D:1)
  4 ball pythons
  5 bats
  2 frilled lizards
  9 kobolds
  6 rats
66 creatures vanquished.

Vanquished Creatures (others)
  58 fungi (D:3)
58 creatures vanquished.

Grand Total: 124 creatures vanquished

Notes
Turn   | Place    | Note
-------+----------+-------------------------------------------
     0 | D:1      | calli0pe the Human Berserker began the quest for the Orb.
     0 | D:1      | Reached XP level 1. HP: 18/18 MP: 1/1
   121 | D:1      | Reached XP level 2. HP: 5/24 MP: 2/2
   655 | D:1      | Reached XP level 3. HP: 29/29 MP: 3/3
  1057 | D:2      | Reached ** piety under Trog
  1193 | D:2      | Reached XP level 4. HP: 25/35 MP: 4/4
  1906 | D:3      | Noticed Grinder
  1926 | D:3      | Killed Grinder
  1927 | D:3      | Reached XP level 5. HP: 35/42 MP: 5/5
  1927 | D:3      | Reached XP level 6. HP: 40/48 MP: 6/6
  2376 | D:3      | Noticed Jessica
  2384 | D:3      | Killed Jessica
  2523 | D:3      | Found a hazy altar of Hepliaklqana.
  2604 | D:3      | Found a broken altar of Ashenzari.
  2605 | D:3      | Found a shimmering altar of Xom.
  2607 | D:3      | Found a glowing silver altar of Zin.
  2610 | D:3      | Found an ancient bone altar of Kikubaaqudgha.
  2610 | D:3      | Found an iron altar of Okawaru.
  2770 | D:3      | Reached XP level 7. HP: 43/54 MP: 7/7
  2779 | D:3      | Found an ornate altar of the Wu Jian Council.
  2988 | D:4      | Reached skill level 1 in Shields
  3107 | D:4      | Found an opulent altar of Gozag.
  3120 | D:4      | Demolished by an ogre

Illustrated notes

Levels and vault maps discovered:
D:1:      minmay_arrival_four_circles, layout_loops_ring, minmay_pentomino_x4
D:2:      layout_loops_cross
D:3:      layout_loops_ring, grunt_temple_overflow_open,
          mainiacjoe_overflow_catch_the_wave,
          shapermc_ecumenical_altar_hornbeckon, mrwooster_statue_mirror,
          wad_floor_pattern_untrapped, uniq_grinder, uniq_jessica
D:4:      minmay_general_purpose_star, layout_basic,
          nzn_overflow_gifts_of_might_and_magic, overflow_temple_1_default,
          temple_doors_e, minmay_strange_pillars, lemuel_old_faithful,
          uniq_ijyb, uniq_eustachio

Skill      XL: |  1  2  3  4  5  6  7 |
---------------+----------------------+-----
Long Blades    | 4 |  4.1
Maces & Flails | 2 3 4 |  4.3
Armour         | 3 |  3.6
Dodging        | 3 |  3.5
Fighting       | 4 |  4.3
Shields        | 1 |  1.3
Stealth        | |  0.3

Action                   |  1- 3 |  4- 6 |  7- 9 || total
-------------------------+-------+-------+-------++-------
Melee: Falchion          |   103 |       |       ||   103
       Mace              |     8 |    83 |    40 ||   131
Armor: Ring mail         |    65 |    37 |    32 ||   134
Dodge: Dodged            |   101 |    65 |    41 ||   207
Block: Other             |       |    16 |    21 ||    37
       Reflection        |       |     1 |       ||     1

Table legend: (Time is in decaauts)
 A = Elapsed time spent in this place.
 B = Non-inter-level travel time spent in this place.
 C = Inter-level travel time spent in this place.
 D = Time resting spent in this place.
 E = Time spent auto-exploring this place.
 F = Levels seen in this place.
 G = Mean time per level.
                   A        B        C        D        E       F      G
               +--------+--------+--------+--------+--------+-----+--------+
         Total |   3171 |   3171 |      0 |    627 |      0 |   4 |  792.8 |
       Dungeon |   3171 |   3171 |      0 |    627 |      0 |   4 |  792.8 |
               +--------+--------+--------+--------+--------+-----+--------+

Top non-repeatable levels by time:
     D:3: 998 daAuts
     D:1: 995 daAuts
     D:2: 919 daAuts
     D:4: 258 daAuts
